 Dungeon Crawl Stone Soup version 0.17-a0-1421-g95311d7 (webtiles) character file.

133 Fizybubbleh the Grave Robber (level 4, -1/30 HPs)
             Began as a Mummy Necromancer on June 23, 2015.
             Slain by a goblin
             ... wielding a +0 club
              (6 damage)
             ... on level 2 of the Dungeon on June 24, 2015.
             The game lasted 00:11:59 (2648 turns).

Fizybubbleh the Grave Robber (Mummy Necromancer)    Turns: 2648, Time: 00:11:59

Health: -1/30      AC:  2    Str: 11    XL:     4   Next: 93%
Magic:  0/7        EV: 12    Int: 15    God:
Gold:   86         SH:  0    Dex: 12    Spells: 2 memorised, 3 levels left

rFire  x . .     SeeInvis .     m - +0 whip (curse)
rCold  + . .     Clarity  .     a - +0 robe
rNeg   + + +     SustAt   .     (no shield)
rPois  ∞         Gourm    .     (no helmet)
rElec  .         Spirit   .     (no cloak)
rCorr  .         Warding  .     (no gloves)
rMut   .         Stasis   .     (no boots)
MR     .....                    (no amulet)
Stlth  ++........               g - ring of wizardry
                                (no ring)

@: not resistant to hostile enchantments, unstealthy
A: no food or potions, fire vulnerability, cold resistance 1, negative energy
resistance 3, torment resistance, unbreathing
a: no special abilities


You were on level 2 of the Dungeon.
You were not hungry.

You visited 1 branch of the dungeon, and saw 2 of its levels.

You collected 86 gold pieces.

Inventory:

Hand weapons
 c - a +0 club
 e - a +0 dagger
 m - a cursed +0 whip (weapon)
 n - a +0 hunting sling
Missiles
 o - 57 stones (quivered)
Armour
 a - a +0 robe (worn)
Jewellery
 g - a ring of wizardry (right hand)
Scrolls
 f - a scroll of blinking {unknown}
 h - a scroll of enchant weapon {unknown}
 i - a scroll of amnesia
 j - a scroll of remove curse {unknown}
 k - a scroll of identify {unknown}
 l - a scroll of recharging {unknown}
Books
 b - a book of Necromancy

   Spells                             Type                      Level
   a - Pain                           Necromancy                   1
   b - Animate Skeleton               Necromancy                   1
   c - Vampiric Draining              Necromancy                   3
   d - Regeneration                   Charms/Necromancy            3
   e - Animate Dead                   Necromancy                   4
   f - Control Undead                 Necromancy                   4


   Skills:
 - Level 1.5 Dodging
 - Level 1.5 Stealth
 - Level 2.0 Spellcasting
 + Level 6.3 Necromancy


You had 3 spell levels left.
You knew the following spells:

 Your Spells              Type           Power        Failure   Level  Hunger
a - Pain                  Necr           ###.         1%          1    N/A
b - Vampiric Draining     Necr           ###.......   2%          3    N/A

Dungeon Overview and Level Annotations

Branches:
Dungeon (2/15)

Altars:
Makhleb


Innate Abilities, Weirdness & Mutations

You do not eat or drink.
Your flesh is vulnerable to fire.
You are immune to poison.
Your flesh is cold resistant.
You are immune to negative energy.
You are immune to unholy pain and torment.
You can survive without breathing.


Message History

You closely miss Ijyb. The goblin hits you.
* * * LOW HITPOINT WARNING * * *
Ijyb hits you with a dagger.
* * * LOW HITPOINT WARNING * * *
You take 8 damage, and have 3/30 hp.
MASSIVE DAMAGE!!
The goblin shouts!
There is an open door here.
You close the door.
Ijyb opens the door.
There is an open door here.
Ijyb screams, "Get away!"
Aim: Ijyb, wielding a dagger and wearing a leather armour (almost dead)
You kill Ijyb!
You feel life coursing into your body.
You now have 0/7 mp.
Read which item? (? for menu, Esc to quit)
Okay, then.
You closely miss the goblin. The goblin hits you with a club.
You die...

#################
#......#...#..≈≈##
#......'...g@=≈≈≈#
#......#...#..≈≈≈##
#''##..#########≈≈#
#...#..........#≈≈## ##
#...#..........'...#########.
#...#..........'.%.).........
#...#..........'...#########.
#...#..........#≈≈## #.
#...#..#########≈≈# #.


You could see a goblin.

Vanquished Creatures
  Ijyb (D:2)
  4 adders (D:2)
  2 oozes
  5 bats
  A giant cockroach (D:1)
  10 goblins
  8 hobgoblins
  6 jackals
  7 kobolds
  4 giant newts
  10 rats
58 creatures vanquished.

Notes
Turn   | Place    | Note
--------------------------------------------------------------
     0 | D:1      | Fizybubbleh the Mummy Necromancer began the quest for the Orb.
     0 | D:1      | Reached XP level 1. HP: 13/13 MP: 3/3
   275 | D:1      | Upgraded the game from 0.17-a0-1411-g06ff558 to 0.17-a0-1421-g95311d7
   332 | D:1      | Reached XP level 2. HP: 19/19 MP: 1/5
   985 | D:1      | Reached skill level 5 in Necromancy
   985 | D:1      | Reached XP level 3. HP: 20/24 MP: 0/6
  1418 | D:2      | Learned a level 3 spell: Vampiric Draining
  1731 | D:2      | Reached XP level 4. HP: 30/30 MP: 3/7
  1920 | D:2      | Found a burning altar of Makhleb.
  1920 | D:2      | Noticed a cacodemon
  2335 | D:2      | Noticed Ijyb
  2348 | D:2      | Reached skill level 6 in Necromancy
  2647 | D:2      | Killed Ijyb
  2648 | D:2      | Slain by a goblin

Vault maps used:
D:1:      grunt_arrival_lava_bath, interstate_on_off, st_stairs_4
D:2:      kennysheep_goblin_castle, first_bread, makhleb_altar_promises_db

Action                   |  1- 3 |  4- 6 || total
-------------------------+-------+-------++-------
Melee: Dagger            |    10 |       ||    10
       Whip              |       |    35 ||    35
 Cast: Pain              |    69 |    42 ||   111
       Vampiric Draining |       |     2 ||     2
  Use: Scroll            |       |     3 ||     3
 Stab: Sleeping          |       |     1 ||     1
